 Dungeon Crawl Stone Soup version 0.25.1-2-g60ff931df9 (webtiles) character file.

Game seed: 10544062671711170409

128 Chimkentus the Vexing (level 5, -3/34 HPs)
             Began as an Octopode Arcane Marksman on Aug 3, 2020.
             Killed from afar by Natasha (8 damage)
             ... with a magic dart
             ... on level 3 of the Dungeon.
             The game lasted 00:13:51 (3400 turns).

Chimkentus the Vexing (Octopode Arcane Marksman)    Turns: 3400, Time: 00:13:54

Health: -3/34      AC:  1    Str: 10    XL:     5   Next: 11%
Magic:  5/7        EV: 14    Int: 17    God:
Gold:   227        SH:  0    Dex: 13    Spells: 4/7 levels left

rFire    x . .     SeeInvis .   k - +0 dagger
rCold    + . .     Gourm    .   (no shield)
rNeg     . . .     Faith    .   (helmet restricted)
rPois    .         Spirit   .   (no amulet)
rElec    .         Reflect  .   n - ring of flight
rCorr    .         Harm     .   z - ring of ice
MR       .....                  (no ring)
Stlth    +++.......             (no ring)
HPRegen  0.11/turn              (no ring)
MPRegen  0.10/turn              (no ring)
                                (no ring)
                                (no ring)

@: slowed, invisible, very slow
A: almost no armour, stealthy swim, amphibious, 8 rings, constrict 8, camouflage
1, blink, blurry vision 1, clever 1, gelatinous body 1
a: Blink, Evoke Flight


You were on level 3 of the Dungeon.
You were not hungry.

You visited 1 branch of the dungeon, and saw 3 of its levels.

You collected 227 gold pieces.

Inventory:

Hand Weapons
 h - a +0 spear
 j - a +0 whip
 k - a +0 dagger (weapon)
 p - a +0 short sword
 u - a +0 hand axe
Missiles
 g - 17 bolts
 l - 149 stones (quivered)
 o - 20 sling bullets
 v - 22 arrows
 y - 4 javelins
Jewellery
 n - a ring of flight (left tentacle)
 z - a ring of ice (right tentacle)
Scrolls
 a - a scroll of fog {unknown}
 b - a scroll of magic mapping {unknown}
 e - 2 scrolls of remove curse
 m - a scroll of identify {unknown}
 r - 2 scrolls of enchant armour {unknown}
 s - a scroll of noise {unknown}
 w - a scroll of teleportation {unknown}
 A - 2 scrolls of blinking {unknown}
Potions
 i - a potion of brilliance
 t - a potion of might {unknown}
 B - a potion of lignification {unknown}
Comestibles
 d - 7 rations
 f - 3 chunks of flesh


   Skills:
 * Level 2.1 Fighting
 + Level 0.6 Short Blades
 + Level 0.6 Polearms
 + Level 2.3 Throwing
 * Level 2.8 Dodging
 + Level 1.8 Stealth
 + Level 1.5 Spellcasting
 + Level 3.7 Hexes


You had 4 spell levels left.
You knew the following spells:

 Your Spells              Type           Power        Failure   Level  Hunger
a - Corona                Hex            ##.....      4%          1    ##.....
b - Slow                  Hex            ##......     7%          2    ###....

Your spell library contained the following spells:

 Spells                   Type           Power        Failure   Level  Hunger
 Inner Flame              Hex/Fire       #.......     28%         3    ####...
 Portal Projectile        Hex/Tloc       #.....       28%         3    ####...
 Cause Fear               Hex            ##........   41%         4    #####..
 Leda's Liquefaction      Hex/Erth       #.........   67%         4    #####..


Dungeon Overview and Level Annotations

Branches:
Dungeon (3/15)

Altars:
Fedhas

Annotations:
D:3 Natasha


Innate Abilities, Weirdness & Mutations

You cannot wear most types of armour.
You are very stealthy in the water. (Stealth+)
You are amphibious.
You can wear up to eight rings at the same time.
You can use your tentacles to constrict eight enemies at once.
Your skin changes colour to match your surroundings (Stealth+).
Your rubbery body absorbs attacks. (AC +1, EV +1)
You can translocate small distances at will.
Scrolls take you a little longer to read.
Your mind is acute. (Int +2)


Message History

You hit Natasha. Your grab misses Natasha.
Natasha is heavily wounded.
Natasha barely misses you.
You barely miss Natasha. Your grab misses Natasha.
Natasha is heavily wounded.
Natasha looks more healthy.
Natasha misses you.
You barely miss Natasha. You grab Natasha.
Natasha is heavily wounded.
You constrict Natasha. Natasha claws you!
Natasha mewls in sadness.
Natasha claws you!
* * * LOW HITPOINT WARNING * * *
It was a potion of invisibility.
You fade into invisibility!
You constrict Natasha.
Natasha wildly gestures.
You feel troubled.
Natasha stares at you and mumbles some strange words.
The magic dart hits you!
You die...

....#####.####
#............. #..#
##.....## ...#
##...## ###..#
##.## #....# #.#
#########(# #.#
#.....h(..#
#####'##
#####@#####
#......## #.###
#.PPP...## #.#.##
#P.PP....#
#....####P._PPĂ·...
#.......'PPP.P)...
##...####.P.......
#..## #........#
#.## ###.....## #.#
##...##


You could see Natasha.

Vanquished Creatures
  Natasha (twice) (D:3)
  3 adders
  3 worms
  A dart slug (D:2)
  A leopard gecko (D:2)
  6 bats
  3 giant cockroaches
  8 goblins
  5 hobgoblins
  5 kobolds
  A ball python (D:2)
  A frilled lizard (D:3)
  3 rats
  A toadstool (D:1)
43 creatures vanquished.

Vanquished Creatures (others)
  3 toadstools (D:1)
3 creatures vanquished.

Grand Total: 46 creatures vanquished

Notes
Turn   | Place    | Note
-------+----------+-------------------------------------------
     0 | D:1      | Chimkentus the Octopode Arcane Marksman began the quest for
                  | the Orb.
     0 | D:1      | Reached XP level 1. HP: 13/13 MP: 2/2
   381 | D:1      | Reached XP level 2. HP: 18/18 MP: 1/3
   385 | D:1      | Learned a level 2 spell: Slow
  1429 | D:2      | Reached XP level 3. HP: 22/23 MP: 4/4
  2138 | D:2      | Reached skill level 1 in Stealth
  2140 | D:2      | Gained mutation: Scrolls take you a little longer to read.
                  | [potion of mutation]
  2140 | D:2      | Gained mutation: Your mind is acute. (Int +2) [potion of
                  | mutation]
  2140 | D:2      | Gained mutation: You can translocate small distances at
                  | will. [potion of mutation]
  2256 | D:3      | Noticed Natasha
  2272 | D:3      | HP: 1/24 [Natasha (9)]
  2273 | D:3      | Killed Natasha
  2273 | D:3      | Reached XP level 4. HP: 1/29 MP: 5/5
  2887 | D:3      | Noticed Natasha
  2899 | D:3      | Killed Natasha
  2899 | D:3      | Reached XP level 5. HP: 21/34 MP: 4/7
  3288 | D:3      | Found a blossoming altar of Fedhas.
  3385 | D:3      | Noticed Natasha
  3400 | D:3      | Killed from afar by Natasha

Illustrated notes

Levels and vault maps discovered:
D:1:      eino_arrival_cavern_a, layout_basic, minmay_gold_behind_fungi
D:2:      layout_basic, first_ration, minmay_misc_feat_rugged,
          minmay_fractal_squares_gapless_5
D:3:      layout_loops_corners, fedhas_altar_3, minmay_misc_feat_nine_boxes,
          minmay_door_square, minmay_goblin_kobold_house, uniq_jessica,
          uniq_natasha

Skill      XL: |  1  2  3  4 |
---------------+-------------+-----
Stealth        | 1 |  1.8
Fighting       | 2 |  2.1
Short Blades   | |  0.6
Polearms       | |  0.6
Throwing       | |  2.3
Dodging        | |  2.8
Spellcasting   | |  1.5
Hexes          | |  3.7

Action                   |  1- 3 |  4- 6 || total
-------------------------+-------+-------++-------
Melee: Spear             |    50 |       ||    50
       Constrict         |    16 |    10 ||    26
       Tentacles         |     3 |     6 ||     9
       Dagger            |    26 |    37 ||    63
Throw: Javelin           |    18 |     6 ||    24
       Throwing net      |     1 |     3 ||     4
       Dart              |       |     3 ||     3
 Cast: Corona            |    13 |     5 ||    18
       Slow              |     3 |     8 ||    11
  Use: Potion            |     3 |     1 ||     4
       Scroll            |     1 |       ||     1
 Stab: Sleeping          |     8 |     2 ||    10
  Eat: Chunk             |     5 |     4 ||     9
Armor: Skin              |    10 |       ||    10
Dodge: Dodged            |    33 |    23 ||    56
